 Dungeon Crawl Stone Soup version 0.26.1-11-gd32895ea62 (webtiles) character file.

Game seed: 13335224337555532530

241 Almogavar the Slasher (level 5, 0/72 HPs)
             Began as a Minotaur Berserker on July 5, 2021.
             Was a Believer of Trog.
             Slain by an ogre
             ... wielding a +0 giant club
              (26 damage)
             ... on level 4 of the Dungeon.
             The game lasted 00:07:15 (3369 turns).

Almogavar the Slasher (Minotaur Berserker)          Turns: 3369, Time: 00:07:15

Health: 0/72       AC:  2    Str: 22    XL:     5   Next: 80%
Magic:  4/4        EV: 13    Int:  4    God:    Trog [**....]
Gold:   136        SH:  0    Dex: 10    Spells: 4/4 levels left

rFire    . . .     SeeInvis .   a - +0 falchion
rCold    . . .     Faith    .   (no shield)
rNeg     . . .     Spirit   .   b - +0 animal skin
rPois    .         Reflect  .   (helmet restricted)
rElec    .         Harm     .   (no cloak)
rCorr    .         Rampage  .   (no gloves)
Will     .....                  (no boots)
Stlth    ..........             (no amulet)
HPRegen  0.22/turn              (no ring)
MPRegen  0.09/turn              (no ring)

@: berserking, very quick
A: retaliatory headbutt, horns 2
a: Renounce Religion, Berserk, Trog's Hand


You were on level 4 of the Dungeon.
You worshipped Trog.
Trog was pleased with you.
You visited 1 branch of the dungeon, and saw 4 of its levels.

You collected 136 gold pieces.

Inventory:

Hand Weapons
 a - a +0 falchion (weapon)
 r - a +0 hunting sling
Missiles
 c - 92 stones
 p - 13 sling bullets
Armour
 b - a +0 animal skin (worn)
 i - a +0 chain mail
 j - a +0 ring mail
Scrolls
 d - a scroll of enchant armour
 e - 2 scrolls of remove curse
 g - 2 scrolls of enchant weapon {unknown}
 l - a scroll of random uselessness {unknown}
 m - 2 scrolls of teleportation {unknown}
Potions
 f - a potion of heal wounds
 h - 2 potions of brilliance {unknown}
 k - a potion of resistance {unknown}
 n - 2 potions of lignification {unknown}
 o - a potion of flight {unknown}
 q - a potion of attraction {unknown}
 s - a potion of ambrosia {unknown}


   Skills:
 + Level 5.1 Fighting
 + Level 6.1 Long Blades
 + Level 2.6 Armour
 + Level 3.6 Dodging


You had 4 spell levels left.
You didn't know any spells.
Your spell library was empty.

Dungeon Overview and Level Annotations

Branches:
Dungeon (4/15)
 Temple: D:4-7

Altars:


Innate Abilities, Weirdness & Mutations

You reflexively headbutt those who attack you in melee.
You have a pair of horns on your head.


Message History

An ogre comes into view. It is wielding a +0 giant club.
The ogre shouts!
The ogre moves out of view.
An ogre is nearby!
The ogre closely misses you.
You hit the ogre but do no damage. You hit the ogre.
The ogre is moderately wounded.
The ogre misses you.
You riposte.
You hit the ogre. Your headbutt misses the ogre.
The ogre is moderately wounded.
You slash the ogre!
The ogre is heavily wounded.
The ogre hits you with a +0 giant club!!
Ouch! That really hurt!
You are too injured to fight recklessly!
A red film seems to cover your vision as you go berserk!
You feel yourself moving faster!
You feel mighty!
The ogre hits you with a +0 giant club!!
You die...

.#..........#
.#..........# ...
............## ...
.............### ..#
#............... ...##.
#.....#.......#. ......
..##.#.....#..#.##......
........##.#..#..O...#.#
.#...#.#...#..##@......#
..#..#.#.......#.##.....
..#..........<....# ..#
(....#....##.##..##. #
.....##....####.....
............#...>....#
........#............#
......#....##..........
........#..............


You could see an ogre.

Vanquished Creatures
  A phantom (D:4)
  A worker ant (D:3)
  4 adders
  2 oozes
  4 worms
  3 dart slugs
  2 leopard geckos
  2 orcs (D:3)
  A ball python (D:1)
  11 bats
  4 giant cockroaches
  3 hobgoblins
  3 jackals (D:3)
  7 kobolds
  5 frilled lizards
  8 goblins
  9 rats
70 creatures vanquished.

Vanquished Creatures (others)
  3 plants (D:1)
3 creatures vanquished.

Grand Total: 73 creatures vanquished

Notes
Turn   | Place    | Note
-------+----------+-------------------------------------------
     0 | D:1      | Almogavar the Minotaur Berserker began the quest for the
                  | Orb.
     0 | D:1      | Reached XP level 1. HP: 19/19 MP: 0/0
   163 | D:1      | Reached XP level 2. HP: 27/27 MP: 1/1
   192 | D:1      | Reached skill level 4 in Long Blades
   782 | D:1      | Reached XP level 3. HP: 33/33 MP: 2/2
  1350 | D:2      | Reached ** piety under Trog
  1829 | D:2      | Reached XP level 4. HP: 41/41 MP: 3/3
  2159 | D:3      | Reached skill level 5 in Long Blades
  2589 | D:3      | Reached XP level 5. HP: 44/47 MP: 4/4
  3048 | D:4      | Noticed a phantom
  3093 | D:4      | Killed a phantom
  3094 | D:4      | Reached skill level 5 in Fighting
  3094 | D:4      | Reached skill level 6 in Long Blades
  3362 | D:4      | Noticed an ogre
  3369 | D:4      | Slain by an ogre

Illustrated notes

Levels and vault maps discovered:
D:1:      elethiomel_arrival_infinity_welcomes_careful_drivers, layout_basic,
          chequers_big_river
D:2:      layout_loops_ring
D:3:      layout_basic, uniq_sigmund
D:4:      layout_cave_pools, minmay_temple_entry_statues_pillars

Skill      XL: |  1  2  3  4  5 |
---------------+----------------+-----
Long Blades    | 4 5 6 |  6.1
Fighting       | 4 5 |  5.1
Dodging        | 3 |  3.6
Armour         | |  2.6

Action                   |  1- 3 |  4- 6 || total
-------------------------+-------+-------++-------
Melee: Falchion          |    76 |    85 ||   161
       Headbutt          |    13 |    18 ||    31
Invok: Berserk           |       |     2 ||     2
       Trog's Hand       |       |     1 ||     1
  Use: Scroll            |       |     3 ||     3
 Stab: Sleeping          |       |     1 ||     1
Armor: Animal skin       |    15 |     5 ||    20
Dodge: Dodged            |    66 |    48 ||   114
       Rpst.: Falchion   |    17 |    14 ||    31
